 Dungeon Crawl Stone Soup version 0.27-a0-1332-g84bddb5ca7 (webtiles) character file.

Game seed: 5173152404641377082

746151 dinky3 the Ninja (level 25, -11/113 HPs)
             Began as a Spriggan Enchanter on June 26, 2021.
             Was a High Priest of Dithmenos.
             Killed from afar by a war gargoyle (17 damage)
             ... with a spray of metal splinters
             ... on level 7 of the Iron City of Dis on June 27, 2021.
             The game lasted 04:03:45 (63240 turns).

dinky3 the Ninja (Spriggan Enchanter)              Turns: 63240, Time: 04:03:45

Health: -11/113    AC: 12    Str:  6    XL:     25   Next: 64%
Magic:  38/38      EV: 39    Int: 24    God:    Dithmenos [*****.]
Gold:   764        SH: 12    Dex: 21    Spells: 2/44 levels left

rFire    + . .     SeeInvis +   b - +9 short sword (holy)
rCold    + . .     Faith    .   h - +3 buckler
rNeg     + . .     Spirit   .   l - +4 troll leather armour {Purgy}
rPois    .         Reflect  .   j - +4 hat "Leniumpy" {Str+2}
rElec    .         Harm     .   f - scarf {rC+ rF+}
rCorr    .         Rampage  .   (gloves unavailable)
Will     ++++.                  (boots unavailable) Stlth *****+++++
                                Z - amulet of regeneration
HPRegen  2.28/turn              N - ring of Dithmenos's Approval {Wiz rN+ Dex+3}
MPRegen  0.26/turn              s - +4 ring of slaying

@: very slightly contaminated, wreathed by umbra, studying 2 skills, invisible,
very quick
A: very small, no large weapons, unfitting armour, see invisible, speed 3, horns
1, dopey 1, frail 1
}: 10/15 runes: barnacled, slimy, silver, abyssal, demonic, glowing, magical,
fiery, dark, gossamer
a: Renounce Religion, Shadow Step, Shadow Form


You were on level 7 of the Iron City of Dis.
You worshipped Dithmenos.
Dithmenos was extremely pleased with you.
You visited 12 branches of the dungeon, and saw 58 of its levels.
You visited Pandemonium 3 times, and saw 20 of its levels.
You visited the Abyss 3 times.
You also visited: Sewer, Bailey, Gauntlet and Ice Cave.

You collected 8111 gold pieces.
You spent 7347 gold pieces at shops.

Inventory:

Hand Weapons
 a - a +9 vampiric dagger
 b - a +9 short sword of holy wrath (weapon)
 M - a +1 dagger of distortion
Missiles
 G - 8 throwing nets
 L - 9 curare-tipped darts
 S - 10 datura-tipped darts
Armour
 f - a scarf of resistance (worn)
 h - a +3 buckler (worn)
 j - the +4 hat "Leniumpy" (worn) {Str+2}
   (You found it in a Gauntlet)

   It affects your strength (+2).
 l - a +4 troll leather armour (worn) {Purgy}
Magical Staves
 O - a staff of air
Jewellery
 r - an amulet of the acrobat
 s - a +4 ring of slaying (right hand)
 K - the ring "Nuaxudy" {Fly rC+ Will++}
   (You found it on level 3 of the Elven Halls)

   [ring of flight]

   It protects you from cold.
   It grants you flight.
   It greatly increases your willpower.
 N - the ring of Dithmenos's Approval (left hand) {Wiz rN+ Dex+3}
   (You took it off a deep elf annihilator on level 3 of the Elven Halls)

   [ring of wizardry]

   It improves your spell success rate.
   It affects your dexterity (+3).
   It protects you from negative energy.
 T - the ring "Doikek" {rF+ rN+ Str+2 Dex+2}
   (You found it on level 2 of the Vaults)

   [ring of protection from fire]

   It affects your strength (+2).
   It affects your dexterity (+2).
   It protects you from fire.
   It protects you from negative energy.
 V - a ring of resist corrosion
 Z - an amulet of regeneration (around neck)
Wands
 t - a wand of charming (9)
 u - a wand of flame (37)
 y - a wand of paralysis (63)
 A - a wand of iceblast (44)
 B - a wand of digging (4)
Scrolls
 c - 10 scrolls of fear
 d - 14 scrolls of teleportation
 g - a scroll of amnesia
 i - 4 scrolls of magic mapping
 k - 5 scrolls of vulnerability
 o - 11 scrolls of blinking
 q - 9 scrolls of fog
 z - 6 scrolls of immolation
 D - 25 scrolls of identify
 J - 3 scrolls of silence
 Y - 4 scrolls of torment
Potions
 e - 7 potions of heal wounds
 m - 4 potions of invisibility
 n - 16 potions of curing
 p - 9 potions of lignification
 v - 10 potions of might
 w - 7 potions of haste
 x - 9 potions of ambrosia
 C - 7 potions of attraction
 E - 12 potions of resistance
 P - 3 potions of mutation
 R - 2 potions of cancellation
 U - 5 potions of brilliance
 W - 12 potions of flight
 X - 2 potions of magic
Miscellaneous
 F - a condenser vane
 I - a lightning rod (4/4)
 Q - a phial of floods


   Skills:
 - Level 11.0 Fighting
 - Level 10.6(12.0) Short Blades
 - Level 7.1(8.9) Long Blades
 - Level 4.0 Throwing
 - Level 2.0 Armour
 + Level 25.3 Dodging
 O Level 27 Stealth
 - Level 7.2 Shields
 - Level 10.0 Spellcasting
 - Level 17.0 Hexes
 - Level 22.0 Translocations
 - Level 8.0 Transmutations
 - Level 4.0 Ice Magic
 - Level 4.0 Earth Magic
 - Level 14.0 Invocations
 - Level 5.0 Evocations


You had 2 spell levels left.
You knew the following spells:

 Your Spells              Type           Power      Damage    Failure   Level
a - Dispersal             Tloc           43%        N/A       1%          6
b - Ensorcelled Hibernat  Hex/Ice        100%       N/A       1%          2
c - Confusing Touch       Hex            76%        N/A       0%          3
e - Dazzling Flash        Conj/Hex       100%       N/A       1%          3
f - Invisibility          Hex            38%        N/A       1%          6
h - Passage of Golubria   Tloc           N/A        N/A       0%          4
A - Apportation           Tloc           100%       N/A       0%          1
B - Blink                 Tloc           N/A        N/A       0%          2
D - Disjunction           Tloc           43%        N/A       2%          8
I - Silence               Hex/Air        26%        N/A       2%          5
P - Passwall              Tmut/Erth      33%        N/A       1%          2

Your spell library contained the following spells:

 Spells                   Type           Power      Damage    Failure   Level
 Corona                   Hex            84%        N/A       0%          1
 Slow                     Hex            76%        N/A       0%          2
 Beastly Appendage        Tmut           100%       N/A       1%          1
 Freeze                   Ice            100%       1d11      1%          1
 Sandblast                Erth           62%        2d14      1%          1
 Sting                    Tmut/Pois      100%       1d8       1%          1
 Animate Skeleton         Necr           24%        N/A       3%          1
 Magic Dart               Conj           48%        1d5       3%          1
 Pain                     Necr           48%        1d6       3%          1
 Shock                    Conj/Air       48%        1d6       3%          1
 Summon Small Mammal      Summ           48%        N/A       3%          1
 Call Imp                 Summ           12%        N/A       4%          2
 Corpse Rot               Necr/Air       N/A        N/A       4%          2
 Poisonous Vapours        Pois/Air       24%        N/A       4%          2
 Searing Ray              Conj           24%        3d4       4%          2
 Static Discharge         Conj/Air       12%        N/A       4%          2
 Sublimation of Blood     Necr           6%         N/A       4%          2
 Gell's Gravitas          Tloc           43%        N/A       0%          3
 Lesser Beckoning         Tloc           43%        N/A       0%          3
 Portal Projectile        Hex/Tloc       100%       N/A       0%          3
 Teleport Other           Tloc           87%        N/A       0%          3
 Tukima's Dance           Hex            76%        N/A       0%          3
 Frozen Ramparts          Ice            62%        1d8       1%          3
 Inner Flame              Hex/Fire       52%        N/A       1%          3
 Ozocubu's Armour         Ice            31%        N/A       1%          3
 Summon Guardian Golem    Hex/Summ       52%        N/A       1%          3
 Cause Fear               Hex            38%        N/A       1%          4
 Fulminant Prism          Conj/Hex       26%        3d14      1%          4
 Iskenderun's Mystic Bla  Conj/Tloc      59%        2d12      1%          4
 Leda's Liquefaction      Hex/Erth       29%        N/A       1%          4
 Manifold Assault         Tloc           87%        N/A       1%          5
 Metabolic Englaciation   Hex/Ice        29%        N/A       1%          5
 Yara's Violent Unravell  Hex/Tmut       32%        3d13      1%          5
 Petrify                  Tmut/Erth      40%        N/A       2%          4
 Ignite Poison            Fire/Tmut/Pois 24%        N/A       3%          3
 Stone Arrow              Conj/Erth      42%        3d9       4%          3
 Call Canine Familiar     Summ           12%        N/A       10%         3
 Conjure Flame            Conj/Fire      12%        6-21      10%         3
 Mephitic Cloud           Conj/Pois/Air  12%        N/A       10%         3
 Vampiric Draining        Necr           6%         2d6       10%         3
 Animate Armour           Summ/Erth      42%        N/A       14%         4
 Hailstorm                Conj/Ice       21%        3d6       14%         4
 Summon Ice Beast         Ice/Summ       21%        N/A       14%         4
 Alistair's Intoxication  Tmut/Pois      20%        N/A       16%         5
 Lee's Rapid Deconstruct  Erth           15%        3d11*     16%         5
 Discord                  Hex            38%        N/A       19%         8
 Animate Dead             Necr           6%         N/A       30%         4
 Dispel Undead            Necr           12%        3d9       30%         4
 Olgreb's Toxic Radiance  Pois           12%        N/A       30%         4
 Summon Lightning Spire   Summ/Air       12%        N/A       30%         4
 Borgnjor's Vile Clutch   Necr/Erth      10%        N/A       34%         5
 Statue Form              Tmut/Erth      26%        N/A       38%         6
 Bolt of Magma            Conj/Fire/Erth 9%         4d7       45%         5
 Freezing Cloud           Conj/Ice/Air   9%         6-21      45%         5
 Agony                    Necr           12%        N/A       61%         5
 Excruciating Wounds      Necr           6%         N/A       61%         5
 Fireball                 Conj/Fire      6%         3d5       61%         5
 Iskenderun's Battlesphe  Conj           12%        2d7       61%         5
 Lightning Bolt           Conj/Air       6%         1d18      61%         5
 Dragon Form              Tmut           25%        N/A       65%         7
 Iron Shot                Conj/Erth      10%        9d3       88%         6
 Shadow Creatures         Summ           N/A        N/A       99%         6
 Starburst                Conj/Fire      6%         8x6d4     99%         6
 Orb of Destruction       Conj           6%         9d3       100%        7
 Spellforged Servitor     Conj/Summ      6%         N/A       100%        7
 Ignition                 Fire           6%         3d4       100%        8
 Polar Vortex             Ice            15%        N/A       100%        9
 Shatter                  Erth           15%        3d15*     100%        9


Dungeon Overview and Level Annotations

Branches:
Dungeon (15/15)            Temple (1/1) D:6            Lair (6/6) D:11
 Shoals (4/4) Lair:2       Spider (4/4) Lair:3        Slime (5/5) Lair:6
    Orc (2/2) D:9             Elf (3/3) Orc:2        Vaults (5/5) D:14
  Crypt (0/3) Vaults:2     Depths (5/5) D:15           Hell (visited)
    Dis (7/7) Hell          Sewer (visited)          Bailey (visited)
  IceCv (visited)         Gauntlet (visited)
    Geh: Hell:1         Coc: Hell:1         Tar: Hell:1         Zot: Depths:5

Altars:
Ashenzari
Cheibriados
Dithmenos
Elyvilon
Fedhas
Hepliaklqana
Kikubaaqudgha
Makhleb
Nemelex Xobeh
Qazlal
Ru
Sif Muna
Trog
Uskayaw
Vehumet
Xom
Zin
The Shining One
Beogh
Jiyva

Shops:
D:5 *[   D:6 =*   D:15 :=[   Orc:1 *   Orc:2 ?!!(   Elf:1 [   Elf:2 ==:*!
Elf:3 [   Shoals:2 *(   Shoals:4 (=[(   Vaults:3 [   Depths:1 ?=

Portals:
Hell: Depths:1 Depths:2 Depths:3 Depths:4
Abyss: Depths:2 Depths:4
Pandemonium: Depths:3
Ziggurat: Depths:5

Annotations:
Spider:3 Bai Suzhen
Slime:5 1 exclusion
Vaults:2 SlowGraham's ghost, legendary KoMo; Sojobo
Vaults:3 Mara
Depths:1 exclusion: rakshasa
Depths:3 1 exclusion


Innate Abilities, Weirdness & Mutations

You are very small and have problems with some larger weapons.
You are too small for most types of armour.
You have supernaturally acute eyesight. (SInv)
You cover ground extremely quickly. (Speed+++)
You have a pair of small horns on your head.
You are dopey. (Int -2)
You are frail. (-10% HP)


Message History

Dithmenos accepts your kill. The war gargoyle completely misses you.
The war gargoyle closely misses you.
An ice devil comes into view.
The ice devil moves out of view.
The reaper misses you.
The war gargoyle launches metal splinters at you.
The spray of metal splinters hits you!!!
You emit a cloud of dark smoke.
The iron dragon roars deafeningly!
You feel a terrible foreboding...
You are blasted with sand.
A tormentor comes into view.
The Hell Sentinel completely misses you. x2
The Hell Sentinel gestures at you.
The sphere of damnation explodes!
The damnation engulfs you!!
The rust devil screeches!
You hear a roar!
You hear a deafening roar!
A war gargoyle comes into view. It is wielding a +0 morningstar.
The war gargoyle misses you.
The war gargoyle launches metal splinters at you.
The spray of metal splinters misses you.
The war gargoyle launches metal splinters at you.
The spray of metal splinters hits you!!!
Ouch! That really hurt!
* * * LOW HITPOINT WARNING * * *
You emit a cloud of dark smoke.
You feel much better.
A rust devil comes into view.
The iron dragon breathes metal splinters at you.
The spray of metal splinters hits you!!
* * * LOW HITPOINT WARNING * * *
You hear a shout!
You hear a screech!
Unknown command.
Blink to where?
Press: ? - help, Dir - move target
As you read the scroll of blinking, it crumbles to dust.
A war gargoyle and 2 rust devils come into view.
The war gargoyle launches metal splinters at you.
The spray of metal splinters hits you!
You die...

...... ###### ######## #........#
##..........## #####............#
....'............+
#####1...........# #..z....C...@#
#####.......Z.9..################
....D......9.4...................
..............................1..
...............Z.................
Z...................§D§§.......##
.........W4........§§§§§.......#
..........4.........§§§9§9..4..#
##########+## ##################


You could see an iron giant, 2 war gargoyles, 3 rust devils, a wraith
(wandering), a quicksilver dragon zombie (wandering) and a golden dragon zombie
(wandering).

Vanquished Creatures
  the Royal Jelly (Slime:5)
  Margery (Vaults:2)
  2 golden dragons
  Geryon (Hell)
  A bone dragon (Dis:6)
  An iron giant (Dis:7)
  A Brimstone Fiend (Pan)
  A tentacled monstrosity (Depths:2)
  Rupert (Spider:1)
  2 liches
  Asterion (Vaults:2)
  Jorgrun (D:14)
  2 titans (Pan)
  2 deep elf master archers (Elf:3)
  A quicksilver dragon (Depths:5)
  A deep elf blademaster (Elf:3)
  3 acid blobs (Slime:5)
  Polyphemus (Shoals:3)
  An Executioner (Pan)
  2 sphinxes
  4 tengu reavers
  Roxanne (Elf:1)
  A shadow dragon (Depths:4)
  Kirke (Spider:2)
  Ilsuiw (Shoals:3)
  A storm dragon (Pan)
  2 rockslimes
  2 azure jellies
  4 fire giants
  2 iron dragons
  3 frost giants
  A draconian knight (Depths:2)
  Louise (D:14)
  Aizul (Spider:3)
  3 balrugs
  7 deep elf sorcerers
  4 ghost moths
  An orc warlord (Elf:1)
  7 vault wardens
  5 reapers
  3 emperor scorpions (Spider:4)
  4 war gargoyles
  33 very ugly things
  3 deep elf elementalists (Elf:3)
  A spriggan defender (Depths:2)
  2 blood saints (Pan)
  17 ironbound preservers
  3 vampire knights
  16 stone giants
  8 deep elf demonologists (Elf:3)
  A lorocyproca (Hell)
  12 deep elf annihilators
  14 spark wasps
  3 dire elephants
  A minotaur (Gauntlet)
  A spark wasp (shapeshifter) (Depths:3)
  11 entropy weavers
  3 merfolk javelineers (Shoals:4)
  3 deep elf death magi
  4 ettins
  7 great orbs of eyes
  12 yaktaur captains
  4 fire dragons
  4 merfolk impalers
  5 deep elf high priests
  A fire dragon (shapeshifter) (Elf:3)
  7 ironbound thunderhulks
  2 rakshasas
  A quicksilver dragon skeleton (Dis:2)
  The ghost of atabob the Destroyer, a journeyman DsWz of Qazlal (D:11)
  9 ice dragons
  4 ghost crabs (D:11)
  7 vault guards
  2 ogre magi
  4 spriggan air magi
  2 hell beasts
  10 hydras
  6 ironbound frosthearts
  15 centaur warriors
  4 boulder beetles
  4 death knights
  18 death yaks
  4 catoblepae
  2 merfolk aquamancers (Shoals:4)
  3 merfolk avatars
  16 two-headed ogres
  3 satyrs
  15 dancing weapons
  4 deep troll shamans
  12 tengu warriors
  A hell hog (Depths:3)
  2 vampire magi (Depths:2)
  4 deep troll earth magi
  A spriggan berserker (Depths:4)
  12 hell knights
  3 shock serpents (Pan)
  2 sun demons (Pan)
  3 ironbound beastmasters
  2 orc high priests (Elf:1)
  6 deep elf knights
  Sonja (D:11)
  4 spriggans (D:11)
  A soul eater (Pan)
  3 shadow wraiths
  6 fire crabs (D:11)
  8 skeletal warriors
  4 iron trolls
  A sixfirhy (Pan)
  A ghost moth zombie (Dis:1)
  7 glowing orange brains
  61 deep trolls
  An anaconda zombie (Dis:3)
  12 sea snakes
  10 deep elf archers
  17 ironbound convokers
  A torturous demonspawn (Pan)
  4 flayed ghosts
  14 wizards
  Pikel (D:7)
  A swamp dragon (shapeshifter) (Vaults:5)
  4 phantasmal warriors
  14 deep elf pyromancers
  10 necromancers
  2 lindwurms (Vaults:1)
  13 orb spiders
  12 orc knights
  26 harpies
  23 wolf spiders
  13 deep elf zephyrmancers
  An iron dragon zombie (Dis:3)
  2 shining eyes (Slime:5)
  6 fauns
  56 ugly things
  An elephant (shapeshifter) (Elf:3)
  5 cyclopes
  17 manticores
  3 moths of wrath
  A frost giant zombie (Dis:6)
  11 rust devils
  A moth of wrath (shapeshifter) (Elf:1)
  9 merfolk sirens
  An apocalypse crab (D:11)
  4 elephants (Lair:5)
  3 black mambas
  A dire elephant zombie (Dis:2)
  18 vault sentinels
  2 eyes of devastation
  9 cane toads
  8 water nymphs
  3 ice statues (IceCv)
  A gargoyle (D:8)
  4 smoke demons
  A molten gargoyle (Hell)
  An emperor scorpion zombie (Dis:6)
  A dire elephant skeleton (Hell)
  2 hellions
  A torpor snail (Lair:6)
  A yaktaur (shapeshifter) (Elf:2)
  24 yaktaurs
  7 ice devils
  8 tengu conjurers
  9 tormentors
  2 efreet
  A kobold demonologist (D:12)
  7 rime drakes
  12 komodo dragons
  6 demonic crawlers
  3 meliai (Lair:5)
  27 jumping spiders
  6 freezing wraiths
  2 red devils (Dis:2)
  29 merfolk
  A hydra zombie (Dis:3)
  A queen bee (shapeshifter) (D:15)
  A queen bee (Lair:5)
  3 trolls
  Grinder (D:5)
  A meliai (shapeshifter) (Elf:2)
  4 wind drakes
  4 polar bears
  17 blink frogs
  6 dream sheep (Lair:4)
  54 slime creatures
  7 snapping turtles
  8 hornets
  2 fire dragon zombies
  2 shadows
  An air elemental (Elf:1)
  29 tarantellas
  A flying skull (Dis:1)
  75 redbacks
  14 water elementals
  7 wraiths
  47 yaks
  A ynoxinul (Pan)
  A redback (shapeshifter) (D:14)
  2 large abominations
  2 vampires
  A fire elemental (Elf:1)
  9 wyverns
  A hog (Spider:2)
  6 basilisks
  A chaos spawn (Pan)
  3 neqoxecs (Pan)
  A steam dragon (D:8)
  7 wargs
  5 vampire mosquitoes
  14 two-headed ogre zombies (Orc:1)
  A floating eye (shapeshifter) (D:8)
  2 acid dragons
  A cane toad zombie (Dis:2)
  16 water moccasins
  A floating eye (Depths:3)
  18 hell hounds
  42 orc warriors
  An ice beast (D:8)
  A meliai simulacrum (D:14)
  Purgy (Sewer)
  A black bear (D:7)
  14 wolves
  9 centaurs
  15 ogres
  2 phantoms
  A kobold brigand (D:8)
  2 scorpions (D:4)
  A wyvern zombie (D:8)
  9 bullfrogs
  2 gnoll sergeants
  An earth elemental (Elf:3)
  A spriggan zombie (Dis:7)
  42 killer bees
  3 howler monkeys
  7 wights
  4 electric eels
  4 centaur zombies
  3 hounds
  11 orc priests
  A centaur skeleton (D:4)
  A bullfrog skeleton (D:6)
  7 iron imps
  A scorpion zombie (D:5)
  13 orc wizards
  2 iguanas
  5 hell rats (Lair:4)
  2 killer bee zombies
  An ogre zombie (Dis:6)
  2 mummies
  A killer bee simulacrum (D:8)
  8 gnolls
  5 adders
  2 shadow imps
  4 white imps
  A howler monkey simulacrum (D:8)
  2 ufetubi (D:8)
  An adder skeleton (D:4)
  3 worms
  79 orcs
  9 bats
  8 endoplasms
  3 giant cockroaches
  15 goblins
  4 hobgoblins
  4 jackals
  7 quokkas
  7 ball pythons
  2 frilled lizards (D:1)
  12 kobolds
  3 rats (D:2)
1809 creatures vanquished.

Vanquished Creatures (collateral kills)
  A merfolk javelineer (Shoals:4)
  2 merfolk impalers (Shoals:1)
  A boulder beetle (D:15)
  An ironbound frostheart (Vaults:2)
  An ogre mage (D:15)
  3 two-headed ogres
  2 orc high priests (Vaults:2)
  A deep troll (Depths:1)
  2 harpies (Shoals:4)
  4 orc knights
  An orb spider (Spider:1)
  An ice devil (IceCv)
  A jumping spider (Spider:1)
  5 merfolk
  A redback (Spider:1)
  A tarantella (Spider:1)
  A warg (Orc:2)
  15 orc warriors
  3 ogres (D:15)
  A bullfrog (D:8)
  An orc priest (D:9)
  Crazy Yiuf (D:4)
  An orc wizard (D:8)
  A white imp (D:8)
  12 orcs
  A kobold (D:8)
65 creatures vanquished.

Vanquished Creatures (others)
  An eldritch tentacle (Pan)
  2 great orbs of eyes
  A yaktaur captain (Vaults:3)
  An ogre mage (D:15)
  A hell hog (Dis:2)
  A deep troll earth mage (Depths:1)
  A sixfirhy (Pan)
  A deep elf zephyrmancer (Elf:3)
  2 orc knights (Vaults:2)
  A faun (Shoals:2)
  A yaktaur (Vaults:2)
  3 dancing weapons
  An orc warrior (Bailey)
  A slime creature (Vaults:3)
  A shadow (Dis:2)
  A steam dragon (D:8)
  A howler monkey (D:10)
  A wyvern simulacrum (D:8)
  A howler monkey zombie (D:8)
  2 orcs (Vaults:5)
  4 demonic plants (Gauntlet)
  12 fungi
  74 plants
  14 starspawn tentacles
129 creatures vanquished.

Grand Total: 2003 creatures vanquished

Notes
Turn   | Place    | Note
-------+----------+-------------------------------------------
     0 | D:1      | dinky3 the Spriggan Enchanter began the quest for the Orb.
     0 | D:1      | Reached XP level 1. HP: 9/9 MP: 5/5
    69 | D:1      | Found a faded altar of an unknown god.
   659 | D:1      | Reached skill level 5 in Stealth
   659 | D:1      | Reached XP level 2. HP: 13/13 MP: 6/6
   662 | D:1      | Learned a level 2 spell: Ensorcelled Hibernation
  1865 | D:2      | Reached XP level 3. HP: 16/16 MP: 8/8
  2169 | D:2      | Learned a level 3 spell: Tukima's Dance
  2387 | D:2      | Reached skill level 6 in Stealth
  2490 | D:2      | You fall into a shaft and drop 2 floors!
  2654 | D:3      | Found a glowing drain.
  2658 | D:3      | Reached XP level 4. HP: 21/21 MP: 9/9
  2671 | Sewer    | Entered a sewer
  2730 | Sewer    | Learned a level 2 spell: Blink
  2761 | Sewer    | Noticed Purgy
  2764 | Sewer    | Killed Purgy
  2765 | Sewer    | Reached XP level 5. HP: 20/24 MP: 9/12
  3350 | D:2      | Found a shimmering altar of Xom.
  3381 | D:2      | Reached skill level 5 in Hexes
  3919 | D:4      | Reached XP level 6. HP: 21/28 MP: 12/14
  3966 | D:4      | Reached skill level 5 in Spellcasting
  4121 | D:4      | Found a runed translucent door.
  4122 | D:4      | Noticed Crazy Yiuf
  4244 | D:4      | Killed Crazy Yiuf
  4541 | D:4      | Learned a level 3 spell: Confusing Touch
  4707 | D:5      | Entered Level 5 of the Dungeon
  4799 | D:5      | Reached XP level 7. HP: 32/32 MP: 11/17
  4864 | D:5      | Found Imulus's Antique Armour Shoppe.
  5018 | D:5      | Noticed Grinder
  5291 | D:5      | Learned a level 6 spell: Invisibility
  5293 | D:5      | Learned a level 1 spell: Apportation
  5395 | D:5      | Found a snail-covered altar of Cheibriados.
  5397 | D:5      | Found a shimmering blue altar of Sif Muna.
  5457 | D:5      | Found Wuuwixeoh's CLEARANCE SALE! EVERYTHING MUST GO!.
  5465 | D:5      | Bought a scroll of amnesia for 7 gold pieces
  5465 | D:5      | Bought a wand of mindburst (13) for 34 gold pieces
  5465 | D:5      | Bought a scroll of teleportation for 6 gold pieces
  5465 | D:5      | Bought a throwing net for 6 gold pieces
  5951 | D:6      | Found a staircase to the Ecumenical Temple.
  5998 | Temple   | Entered the Ecumenical Temple
  6077 | Temple   | Became a worshipper of Dithmenos the Shadowed
  6092 | D:6      | Found Geisug's Neck Hole.
  6112 | D:6      | You fall into a shaft and drop 1 floor!
  6283 | D:6      | Noticed a shadow
  6297 | D:6      | Killed a shadow
  6298 | D:6      | Reached skill level 1 in Fighting
  6298 | D:6      | Reached XP level 8. HP: 26/37 MP: 11/19
  6351 | D:6      | Found Piafin's Jewellery Emporium.
  7065 | D:7      | Reached skill level 7 in Stealth
  8007 | D:8      | Noticed a boulder beetle
  8015 | D:8      | Killed a boulder beetle
  8016 | D:8      | Reached skill level 5 in Short Blades
  8016 | D:8      | Reached skill level 9 in Stealth
  8016 | D:8      | Reached XP level 9. HP: 30/44 MP: 20/20
  8040 | D:8      | Noticed a two-headed ogre
  8078 | D:8      | Killed a two-headed ogre
  8172 | D:8      | Noticed a gargoyle
  8293 | D:8      | Noticed a boulder beetle
  8363 | D:8      | Killed a gargoyle
  8363 | D:8      | Reached * piety under Dithmenos
  8364 | D:8      | Reached skill level 10 in Stealth
  8674 | D:9      | Noticed a troll
  8700 | D:9      | Killed a troll
  8779 | D:9      | Found a staircase to the Orcish Mines.
  8807 | D:9      | Learned a level 3 spell: Dazzling Flash
  8899 | D:9      | Reached XP level 10. HP: 44/51 MP: 16/21
  8926 | D:9      | Reached skill level 11 in Stealth
  9445 | D:10     | Entered Level 10 of the Dungeon
  9470 | D:11     | Found a gate leading to a gauntlet.
  9479 | Gauntlet | Entered a Gauntlet
  9479 | Gauntlet | Found a transporter.
  9479 | Gauntlet | Found a transporter.
  9479 | Gauntlet | Noticed a catoblepas
  9479 | Gauntlet | Noticed a gargoyle
  9479 | Gauntlet | Noticed a tengu warrior
  9493 | Gauntlet | Found a transporter.
  9496 | Gauntlet | Found a transporter.
  9497 | Gauntlet | Found a transporter.
  9499 | Gauntlet | Noticed a necromancer
  9501 | Gauntlet | Noticed an oklob plant
  9503 | Gauntlet | Found a transporter.
  9505 | Gauntlet | Found a transporter.
  9505 | Gauntlet | Found a transporter.
  9507 | Gauntlet | Found a transporter.
  9510 | Gauntlet | Noticed a wizard
  9511 | Gauntlet | Noticed a wizard
  9513 | Gauntlet | Found a runed translucent gate.
  9515 | Gauntlet | Found a transporter.
  9515 | Gauntlet | Found a transporter.
  9515 | Gauntlet | Noticed a thrashing horror
  9516 | Gauntlet | Found a runed translucent gate.
  9517 | Gauntlet | Found a runed translucent gate.
  9528 | Gauntlet | Noticed a thrashing horror
  9567 | Gauntlet | Found a transporter.
  9597 | Gauntlet | Found a runed translucent door.
  9680 | Gauntlet | Killed a tengu warrior
  9772 | Gauntlet | Reached skill level 10 in Hexes
  9802 | Gauntlet | Identified the +4 hat "Leniumpy" {Str+2}
  9983 | Gauntlet | Identified the ring of the Kraken {Contam rPois Will++}
 10001 | Gauntlet | Noticed a minotaur
 10078 | Gauntlet | Killed a minotaur
 10085 | Gauntlet | Identified the +6 shortbow of Veoruczi {venom, rC+++ Str+4
                  | Int-5 Dex+2}
 10142 | D:11     | Reached ** piety under Dithmenos
 10336 | D:11     | Noticed a cyclops
 10379 | D:11     | Found a staircase to the Lair.
 10457 | D:11     | Noticed Sonja
 10460 | D:11     | Killed Sonja
 10461 | D:11     | Reached XP level 11. HP: 54/54 MP: 22/22
 10667 | D:11     | Found a runed translucent door.
 10669 | D:11     | Noticed atabob's ghost (journeyman DsWz)
 10671 | D:11     | Identified the +10 trident "Setel" {vorpal, rElec rC++
                  | rCorr Dex-4}
 10671 | D:11     | Noticed a spriggan rider
 10675 | D:11     | Noticed a two-headed ogre
 10681 | D:11     | Killed a two-headed ogre
 10682 | D:11     | Identified the +1 chain mail "Wuzitziu" {Harm +Inv rF+
                  | Dex-4}
 10987 | D:11     | Found a runed translucent door.
 10993 | D:11     | Noticed a fire crab
 11189 | D:11     | Killed a fire crab
 11196 | D:11     | Noticed a fire crab
 11198 | D:11     | Killed a fire crab
 11200 | D:11     | Noticed a fire crab
 11207 | D:11     | Killed a fire crab
 11208 | D:11     | Reached skill level 5 in Fighting
 11210 | D:11     | Noticed an entropy weaver
 11210 | D:11     | Noticed a fire crab
 11212 | D:11     | Killed a fire crab
 11213 | D:11     | Reached skill level 1 in Long Blades
 11220 | D:11     | Noticed a fire crab
 11236 | D:11     | Killed an entropy weaver
 11294 | D:11     | Noticed a fire crab
 11299 | D:11     | Killed a fire crab
 11304 | D:11     | Killed a fire crab
 11305 | D:11     | Noticed an entropy weaver
 11318 | D:11     | Killed an entropy weaver
 11319 | D:11     | Reached skill level 12 in Stealth
 11319 | D:11     | Noticed a ghost crab
 11336 | D:11     | Killed a ghost crab
 11337 | D:11     | Reached XP level 12. HP: 31/60 MP: 10/23
 11339 | D:11     | Noticed a ghost crab
 11444 | D:11     | Noticed an entropy weaver
 11456 | D:11     | Killed a ghost crab
 11456 | D:11     | Noticed a ghost crab
 11467 | D:11     | Killed an entropy weaver
 11477 | D:11     | Killed a ghost crab
 11484 | D:11     | Noticed a ghost crab
 11490 | D:11     | Noticed an entropy weaver
 11505 | D:11     | Killed a ghost crab
 11506 | D:11     | Reached skill level 10 in Dodging
 11576 | D:11     | Killed an entropy weaver
 11942 | D:12     | Reached skill level 13 in Stealth
 11996 | D:12     | Noticed a two-headed ogre
 12003 | D:12     | Killed a two-headed ogre
 12020 | D:12     | Reached *** piety under Dithmenos
 12228 | D:12     | Noticed a two-headed ogre
 12243 | D:12     | Killed a two-headed ogre
 12358 | D:12     | Noticed a death knight
 12367 | D:12     | Reached skill level 15 in Hexes
 12423 | D:12     | Killed a death knight
 12877 | D:13     | Found a stormy altar of Qazlal.
 12942 | D:13     | Noticed a centaur warrior
 13387 | D:13     | Noticed a centaur warrior
 13395 | D:13     | Killed a centaur warrior
 13396 | D:13     | Reached skill level 14 in Stealth
 13396 | D:13     | Reached XP level 13. HP: 67/67 MP: 24/24
 13623 | D:13     | Reached skill level 5 in Long Blades
 13904 | D:14     | Reached **** piety under Dithmenos
 13942 | D:14     | Found a flagged portal.
 13970 | Bailey   | Entered a bailey
 14199 | Bailey   | Identified the +8 bardiche of Domination {vorpal, Str+4
                  | Int+2}
 14315 | D:14     | Reached skill level 1 in Shields
 14315 | D:14     | Reached skill level 1 in Translocations
 14417 | D:14     | Found a gate to the Vaults.
 14417 | D:14     | Noticed an ironbound preserver
 14420 | D:14     | Reached ***** piety under Dithmenos
 14421 | D:14     | Reached skill level 15 in Stealth
 14425 | D:14     | Killed an ironbound preserver
 14689 | D:14     | Found a shimmering altar of Xom.
 14705 | D:14     | Noticed Louise
 14712 | D:14     | Killed Louise
 14933 | D:14     | Noticed Jorgrun
 14940 | D:14     | Killed Jorgrun
 14941 | D:14     | Reached XP level 14. HP: 74/74 MP: 18/25
 15114 | D:15     | Entered Level 15 of the Dungeon
 15131 | D:15     | Found Vedim's Book Shop.
 15175 | D:15     | Found a frozen archway.
 15209 | IceCv    | Entered an ice cave
 15871 | D:15     | Reached skill level 16 in Stealth
 15955 | D:15     | Reached skill level 5 in Shields
 15988 | D:15     | Noticed a stone giant
 16251 | D:15     | Found Isuwnicw's Armour Shop.
 16300 | D:15     | Found Jojill's Jewellery Shop.
 16385 | D:15     | Found a hazy altar of Hepliaklqana.
 16801 | D:10     | Reached skill level 1 in Invocations
 17121 | D:10     | Identified the ring "Nafocki" {+Blink rC- rCorr Int+6
                  | Dex-5}
 17444 | D:8      | Reached ****** piety under Dithmenos
 18166 | D:7      | Noticed Pikel
 18175 | D:7      | Killed Pikel
 18261 | D:5      | Killed Grinder
 18428 | Orc:1    | Entered Level 1 of the Orcish Mines
 18545 | Orc:1    | Found Mizad's Assorted Antiques.
 18549 | Orc:1    | Bought a fizzy clear potion for 27 gold pieces
 18549 | Orc:1    | Bought a scroll of magic mapping for 108 gold pieces
 19022 | Orc:2    | Entered Level 2 of the Orcish Mines
 19123 | Orc:2    | Found a staircase to the Elven Halls.
 19406 | Orc:2    | Reached XP level 15. HP: 79/79 MP: 2/26
 19892 | Orc:2    | Found Icuvan's Magic Scroll Boutique.
 19892 | Orc:2    | Found Rampem's Distillery.
 19900 | Orc:2    | Bought a scroll of blinking for 82 gold pieces
 19946 | Orc:2    | Found Uqiedwyma's Distillery.
 19946 | Orc:2    | Found Fosimm's Antique Weapon Emporium.
 20360 | Orc:2    | Reached skill level 17 in Stealth
 20360 | Orc:2    | Reached XP level 16. HP: 84/84 MP: 27/27
 20386 | Elf:1    | Entered Level 1 of the Elven Halls
 20584 | Elf:2    | Found Boytodysch's Assorted Antiques.
 20719 | Elf:2    | Found Acves's Jewellery Boutique.
 20720 | Elf:2    | Found Senir's Book Shoppe.
 20722 | Elf:2    | Found Difac's Jewellery Boutique.
 20920 | Elf:2    | Found a runed translucent gate.
 20920 | Elf:2    | Found a runed translucent gate.
 20920 | Elf:2    | Found a runed translucent gate.
 20944 | Elf:2    | Found Eguih's Distillery.
 21087 | Elf:2    | Bought a bubbling golden potion for 24 gold pieces
 21385 | Elf:1    | Found Lofyll's Armour Boutique.
 21456 | Elf:1    | Paralysed by an air elemental for 1 turns
 21504 | Elf:1    | Reached skill level 5 in Invocations
 21587 | Elf:1    | Identified Roxanne's Collected Works on Changing
 21587 | Elf:1    | Noticed Roxanne
 21638 | Elf:1    | Killed Roxanne
 21639 | Elf:1    | Reached skill level 10 in Fighting
 21649 | Elf:1    | Reached skill level 15 in Dodging
 21698 | Elf:1    | Reached skill level 18 in Stealth
 21727 | Elf:1    | Identified the +0 leather armour of Mili Tadd {rF+ rCorr
                  | Dex+4}
 22003 | Elf:1    | Identified a scroll of acquirement
 22178 | Elf:3    | Entered Level 3 of the Elven Halls
 22328 | Lair:1   | Entered Level 1 of the Lair of Beasts
 22431 | Lair:1   | Found a transporter.
 22433 | Lair:1   | Found a transporter.
 23605 | Lair:2   | Found a bloodstained altar of Trog.
 24093 | Lair:2   | Found a staircase to the Shoals.
 24490 | Lair:3   | You fall into a shaft and drop 2 floors!
 24503 | Lair:5   | Learned a level 5 spell: Yara's Violent Unravelling
 24877 | Lair:4   | Reached skill level 1 in Transmutations
 25154 | Lair:3   | Found a hole to the Spider Nest.
 25442 | Lair:5   | Reached XP level 17. HP: 90/90 MP: 24/28
 26542 | Lair:6   | Entered Level 6 of the Lair of Beasts
 26774 | Lair:6   | Reached skill level 19 in Stealth
 26851 | Lair:6   | Found a viscous altar of Jiyva.
 26851 | Lair:6   | Found a staircase to the Slime Pits.
 27214 | Lair:6   | Reached skill level 5 in Transmutations
 27374 | Lair:6   | Identified the +7 ring mail of Yreov {Str+4 SInv}
 27843 | D:11     | Killed atabob's ghost
 28085 | Elf:2    | Bought a dented jade amulet for 135 gold pieces
 28085 | Elf:2    | Bought a bronze ring for 135 gold pieces
 28092 | Elf:2    | Acquired 1204 gold pieces
 28117 | Elf:2    | Bought a potion of heal wounds for 70 gold pieces
 28117 | Elf:2    | Bought a potion of heal wounds for 70 gold pieces
 28117 | Elf:2    | Bought a potion of haste for 140 gold pieces
 28117 | Elf:2    | Bought a potion of heal wounds for 70 gold pieces
 28117 | Elf:2    | Bought a potion of resistance for 140 gold pieces
 28222 | Orc:2    | Bought a potion of haste for 180 gold pieces
 28222 | Orc:2    | Bought a potion of haste for 180 gold pieces
 28254 | Orc:2    | Bought a potion of cancellation for 96 gold pieces
 28254 | Orc:2    | Bought a potion of haste for 120 gold pieces
 28254 | Orc:2    | Bought a potion of resistance for 120 gold pieces
 28639 | D:15     | Bought a book of the Warp for 1620 gold pieces
 28838 | Elf:2    | Bought a scroll of enchant armour for 202 gold pieces
 29028 | Spider:1 | Entered Level 1 of the Spider Nest
 29128 | Spider:1 | Noticed Rupert
 29131 | Spider:1 | Killed Rupert
 29684 | Spider:1 | Identified the +1 robe of Afeter {*Corrode rPois Dex+3
                  | SInv}
 29845 | Spider:2 | Noticed Kirke
 29851 | Spider:2 | Killed Kirke
 29876 | Spider:2 | Reached skill level 5 in Translocations
 30207 | Spider:3 | Reached XP level 18. HP: 96/96 MP: 29/29
 30212 | Spider:3 | Learned a level 4 spell: Passage of Golubria
 30334 | Spider:3 | Reached skill level 20 in Stealth
 30450 | Spider:3 | Noticed Aizul
 30454 | Spider:3 | Killed Aizul
 30936 | Spider:3 | Acquired 574 gold pieces
 31159 | Spider:3 | Noticed Bai Suzhen
 31434 | Spider:4 | Entered Level 4 of the Spider Nest
 31616 | Spider:4 | Reached skill level 1 in Evocations
 31819 | Spider:4 | Reached XP level 19. HP: 100/100 MP: 30/30
 32071 | Spider:4 | Reached skill level 10 in Invocations
 32429 | Spider:4 | Reached skill level 5 in Evocations
 32443 | Spider:4 | Reached skill level 21 in Stealth
 32475 | Spider:4 | Got a gossamer rune of Zot
 32857 | Shoals:1 | Entered Level 1 of the Shoals
 33149 | Elf:2    | Bought a book of Geomancy for 630 gold pieces
 33152 | Elf:2    | Learned a level 2 spell: Passwall
 33593 | Shoals:1 | Reached skill level 1 in Earth Magic
 33611 | Shoals:1 | Reached skill level 10 in Translocations
 34208 | Shoals:2 | Found Puhemn's Antique Weapon Boutique.
 34795 | Shoals:2 | Found Ycu Ziyh's Gadget Gallery.
 34882 | Shoals:3 | Noticed Ilsuiw
 34904 | Shoals:3 | Killed Ilsuiw
 34936 | Shoals:3 | Noticed Polyphemus
 34944 | Shoals:3 | Killed Polyphemus
 35511 | Shoals:4 | Entered Level 4 of the Shoals
 35527 | Shoals:4 | Found Nehurass's Weapon Boutique.
 35558 | Shoals:4 | Found Ejugry's Jewellery Shoppe.
 35597 | Shoals:4 | Reached XP level 20. HP: 105/105 MP: 9/31
 35892 | Shoals:4 | Got a barnacled rune of Zot
 36553 | Shoals:4 | Found Falosk's Antique Armour Shop.
 36570 | Shoals:4 | Reached skill level 22 in Stealth
 36607 | Shoals:4 | Found Imagoud's Weapon Shop.
 37160 | Shoals:4 | Identified the Almanac of Fascination
 37595 | Elf:3    | Found Umilin's Armour Shop.
 38083 | Elf:3    | Learned a level 5 spell: Silence
 38455 | Elf:3    | Identified the ring of Dithmenos's Approval {Wiz rN+ Dex+3}
 38816 | Elf:3    | Reached skill level 23 in Stealth
 38822 | Elf:3    | Identified the ring "Nuaxudy" {Fly rC+ Will++}
 38828 | Elf:3    | Identified the +3 scale mail "Ogaoqurruni" {Str+9}
 38841 | Elf:3    | Found the ring of Shadows {Umbra +Inv Stlth+}
 38842 | Elf:3    | Identified the ring "Gehoakh" {rN+ MP+9 Int-3 Dex+2}
 38847 | Elf:3    | Identified the Compendium of Earthen Changing
 38877 | Elf:3    | Found the +8 whip "Snakebite" {curare, rPois}
 38886 | Elf:3    | Identified the +7 falchion "Reemeewykk" {vamp, *Noise rPois
                  | Str+3}
 38890 | Elf:3    | Identified the +10 short sword of Quommod {vorpal, Str+2
                  | Int+3 SInv}
 38895 | Elf:3    | Identified the ring "Ekyan" {rCorr Str-5 Dex+6 Slay+5}
 38902 | Elf:3    | Identified the Papyrus of the Icy Birds
 38986 | Elf:3    | Identified the Compendium of Unstable Contamination
 39404 | Orc:2    | Bought a potion of experience for 900 gold pieces
 39404 | Orc:2    | Reached XP level 21. HP: 109/109 MP: 33/35
 39573 | Vaults:1 | Entered Level 1 of the Vaults
 39713 | Vaults:1 | Reached XP level 22. HP: 114/114 MP: 20/36
 40286 | Vaults:1 | Reached skill level 10 in Spellcasting
 40302 | Vaults:1 | Reached skill level 1 in Throwing
 40341 | Vaults:1 | Reached skill level 15 in Translocations
 40803 | Vaults:1 | Reached skill level 1 in Ice Magic
 41699 | Vaults:2 | Found a staircase to the Crypt.
 41738 | Vaults:2 | Noticed Margery
 41743 | Vaults:2 | Killed Margery
 41953 | Vaults:2 | Noticed Asterion
 41977 | Vaults:2 | Killed Asterion
 41982 | Vaults:2 | Noticed Sojobo
 42097 | Vaults:2 | Found a runed translucent gate.
 42097 | Vaults:2 | Found a runed translucent gate.
 42097 | Vaults:2 | Found a runed translucent gate.
 42097 | Vaults:2 | Noticed SlowGraham's ghost (legendary KoMo)
 42098 | Vaults:2 | Identified the ring "Doikek" {rF+ rN+ Str+2 Dex+2}
 42099 | Vaults:2 | Identified the +7 plate armour "Hegaz" {Dex+2}
 42100 | Vaults:2 | Identified the +3 spear "Daush" {speed, rC+}
 42182 | Vaults:2 | Reached skill level 24 in Stealth
 42995 | Vaults:2 | Reached skill level 10 in Short Blades
 43755 | Vaults:3 | Found Sanyex's Armour Shop.
 43900 | Vaults:3 | Identified the +6 hand axe "Ryatty" {flame, Dex+4}
 44319 | Vaults:4 | Reached XP level 23. HP: 118/118 MP: 31/38
 45721 | Vaults:3 | Learned a level 8 spell: Disjunction
 45957 | Vaults:3 | Noticed Mara
 46467 | D:15     | Found a staircase to the Depths.
 46492 | Depths:1 | Entered Level 1 of the Depths
 46594 | Depths:1 | Reached skill level 25 in Stealth
 46725 | Depths:1 | Found Sonufeus's Magic Scroll Shoppe.
 46725 | Depths:1 | Found Goh Got's Jewellery Emporium.
 46726 | Depths:1 | Found Mehuh's Assorted Antiques.
 46761 | Depths:1 | Bought a scroll of blinking for 157 gold pieces
 47185 | Depths:1 | Found a gateway to Hell.
 47581 | Depths:1 | Found a hide-covered altar of Uskayaw.
 47927 | Depths:2 | Acquired 1004 gold pieces
 48293 | Depths:2 | Found a one-way gate to the infinite horrors of the Abyss.
 48359 | Depths:2 | Reached XP level 24. HP: 122/122 MP: 38/38
 48408 | Depths:2 | Reached skill level 26 in Stealth
 48773 | Depths:2 | Voluntarily entered the Abyss.
 48791 | Abyss:1  | Found a corrupted altar of Lugonu.
 48914 | Abyss:1  | Found an iron altar of Okawaru.
 48991 | Abyss:2  | Found a corrupted altar of Lugonu.
 49797 | Abyss:2  | Identified the amulet "Ifociul" {RegenMP Int+3}
 49924 | Abyss:3  | Found a corrupted altar of Lugonu.
 50022 | Abyss:3  | Got an abyssal rune of Zot
 50171 | Depths:2 | Escaped the Abyss
 50472 | Elf:2    | Bought an amulet of the acrobat for 300 gold pieces
 50715 | Orc:2    | Bought a scroll of torment for 82 gold pieces
 50715 | Orc:2    | Bought a scroll of fog for 22 gold pieces
 50715 | Orc:2    | Bought a scroll of enchant weapon for 82 gold pieces
 52381 | Depths:3 | Found a one-way gate leading to the halls of Pandemonium.
 52763 | Depths:4 | Found a transporter.
 52767 | Depths:4 | Found a transporter.
 52777 | Depths:4 | Found a viscous altar of Jiyva.
 52948 | Depths:3 | Gained mutation: You are dopey. (Int -2) [mutagenic glow]
 53095 | Depths:5 | Entered Level 5 of the Depths
 53095 | Depths:5 | Found a gateway to a ziggurat.
 53095 | Depths:5 | Noticed a dread lich
 53098 | Depths:5 | Noticed a juggernaut
 53398 | Depths:4 | Identified the ring of Atha Cej {Fly Int+4 Dex+3 Slay-2}
 53759 | Depths:5 | Reached skill level 27 in Stealth
 54332 | Orc:2    | Bought a scroll of teleportation for 33 gold pieces
 54332 | Orc:2    | Bought a scroll of teleportation for 33 gold pieces
 54332 | Orc:2    | Bought a scroll of vulnerability for 82 gold pieces
 54400 | Elf:2    | Bought a scroll of teleportation for 81 gold pieces
 54400 | Elf:2    | Bought a scroll of teleportation for 81 gold pieces
 54743 | Vaults:5 | Entered Level 5 of the Vaults
 54896 | Vaults:5 | Identified the +5 whip "Wyongepn" {drain, Will+ Str+4 Int+5
                  | Dex-4}
 54896 | Vaults:5 | Identified the ring of the Slashing Messenger {rF+ Will-
                  | rCorr Dex+2}
 54897 | Vaults:5 | Found the +8 orange crystal plate armour {Archmagi, Int+3
                  | Clar}
 54897 | Vaults:5 | Noticed an ancient lich
 54999 | Vaults:5 | Gained mutation: You are weak. (Str -2) [a neqoxec]
 55002 | Vaults:5 | Identified the ring of Xaxzeuwa {rN++ Will- SInv}
 55010 | Vaults:5 | Got a silver rune of Zot
 55861 | Depths:1 | Bought 2 scrolls of teleportation for 126 gold pieces
 55861 | Depths:1 | Bought a scroll of fog for 42 gold pieces
 55861 | Depths:1 | Bought a scroll of enchant weapon for 157 gold pieces
 55861 | Depths:1 | Bought a scroll of vulnerability for 157 gold pieces
 56244 | Slime:1  | Entered Level 1 of the Pits of Slime
 56427 | Slime:5  | Entered Level 5 of the Pits of Slime
 56457 | Slime:5  | Reached skill level 1 in Armour
 56547 | Slime:5  | Found a viscous altar of Jiyva.
 56547 | Slime:5  | Noticed the Royal Jelly
 56551 | Slime:5  | Found the amulet of the Four Winds {rN+ Will+++ Clar}
 56556 | Slime:5  | Killed the Royal Jelly
 56557 | Slime:5  | Reached XP level 25. HP: 117/126 MP: 33/38
 56700 | Slime:5  | Identified the ring of Hugaesm {rF+ Dex+2 Stlth+}
 56723 | Slime:5  | Got a slimy rune of Zot
 57025 | Orc:2    | Bought a potion of mutation for 144 gold pieces
 57025 | Orc:2    | Bought 2 potions of mutation for 288 gold pieces
 57025 | Orc:2    | Bought a potion of heal wounds for 90 gold pieces
 57025 | Orc:2    | Bought a potion of ambrosia for 144 gold pieces
 57025 | Orc:2    | Bought a potion of ambrosia for 144 gold pieces
 57260 | Pan      | Entered Pandemonium
 57344 | Pan      | Entered the realm of Mnoleg.
 57372 | Pan      | Noticed Mnoleg
 57618 | Pan      | Gained mutation: You sometimes lose the ability to read
                  | scrolls when taking damage. [a cacodemon]
 57629 | Pan      | Got a glowing rune of Zot
 57670 | Pan      | Lost mutation: You are weak. (Str -2) [potion of mutation]
 57670 | Pan      | Lost mutation: You sometimes lose the ability to read
                  | scrolls when taking damage. [potion of mutation]
 57670 | Pan      | Gained mutation: You sometimes lose the ability to read
                  | scrolls when taking damage. [potion of mutation]
 57670 | Pan      | Gained mutation: You are partially covered in iridescent
                  | scales. (AC +2) [potion of mutation]
 57671 | Pan      | Lost mutation: You are partially covered in iridescent
                  | scales. (AC +2) [potion of mutation]
 57671 | Pan      | Lost mutation: You are dopey. (Int -2) [potion of mutation]
 57671 | Pan      | Gained mutation: You are agile. (Dex +2) [potion of
                  | mutation]
 57671 | Pan      | Gained mutation: Your flesh is heat resistant. (rF+)
                  | [potion of mutation]
 57671 | Pan      | Gained mutation: Armour fits poorly on your strangely
                  | shaped body. [potion of mutation]
 57671 | Pan      | Gained mutation: You have large cloven feet. [potion of
                  | mutation]
 57672 | Pan      | Lost mutation: You are agile. (Dex +2) [potion of mutation]
 57672 | Pan      | Lost mutation: Your flesh is heat resistant. (rF+) [potion
                  | of mutation]
 57672 | Pan      | Lost mutation: Armour fits poorly on your strangely shaped
                  | body. [potion of mutation]
 57672 | Pan      | Gained mutation: Your mind is acute. (Int +2) [potion of
                  | mutation]
 57672 | Pan      | Gained mutation: You possess an exceptional clarity of
                  | mind. [potion of mutation]
 57672 | Pan      | Gained mutation: You do not regenerate when monsters are
                  | visible. [potion of mutation]
 57673 | Pan      | Lost mutation: You have large cloven feet. [potion of
                  | mutation]
 57673 | Pan      | Lost mutation: You sometimes lose the ability to read
                  | scrolls when taking damage. [potion of mutation]
 57673 | Pan      | Gained mutation: You are somewhat resistant to further
                  | mutation. [potion of mutation]
 57673 | Pan      | Lost mutation: You possess an exceptional clarity of mind.
                  | [potion of mutation]
 57789 | Pan      | Noticed Huis the pandemonium lord
 57789 | Pan      | Identified the Compendium of Cobwebs
 57806 | Pan      | Noticed Mnoleg
 57829 | Pan      | Found a runed translucent door.
 57830 | Pan      | Got a demonic rune of Zot
 58131 | Pan      | Identified the +0 tower shield of Feram {rElec Int+5}
 58131 | Pan      | Noticed Mennas
 58138 | Pan      | Entered the realm of Gloorx Vloq.
 58320 | Pan      | Noticed Gloorx Vloq
 58342 | Pan      | Got a dark rune of Zot
 58450 | Pan      | Found an exit through the horrors of the Abyss.
 58460 | Pan      | Took an exit into the Abyss.
 58460 | Abyss:1  | Escaped into the Abyss
 58509 | Depths:3 | Escaped the Abyss
 59169 | Pan      | Entered Pandemonium
 59172 | Pan      | Found an exit through the horrors of the Abyss.
 59304 | Depths:3 | Escaped Pandemonium
 59306 | Pan      | Entered the realm of Cerebov.
 59306 | Pan      | Entered Pandemonium
 59377 | Pan      | Noticed Gloorx Vloq
 59559 | Pan      | Got a fiery rune of Zot
 59621 | Pan      | Entered the realm of Lom Lobon.
 59718 | Pan      | Noticed Lom Lobon
 59726 | Pan      | HP: 6/126 [black draconian annihilator/iron shot (41)]
 59905 | Pan      | Got a magical rune of Zot
 60007 | Pan      | Found the +6 sword of Cerebov {flame}
 60007 | Pan      | Noticed Cerebov
 60171 | Pan      | Noticed Gloorx Vloq
 60349 | Pan      | Found a runed translucent door.
 60349 | Pan      | Found a runed translucent door.
 60357 | Pan      | Found a runed translucent door.
 60837 | Pan      | Noticed Reetom the pandemonium lord
 60889 | Pan      | Found an exit through the horrors of the Abyss.
 60898 | Pan      | Took an exit into the Abyss.
 60898 | Abyss:1  | Escaped into the Abyss
 61131 | Depths:3 | Escaped the Abyss
 61151 | Depths:3 | Lost mutation: You are somewhat resistant to further
                  | mutation. [potion of mutation]
 61151 | Depths:3 | Lost mutation: Your mind is acute. (Int +2) [potion of
                  | mutation]
 61151 | Depths:3 | Lost mutation: You do not regenerate when monsters are
                  | visible. [potion of mutation]
 61151 | Depths:3 | Gained mutation: You are dopey. (Int -2) [potion of
                  | mutation]
 61151 | Depths:3 | Gained mutation: You have a pair of small horns on your
                  | head. [potion of mutation]
 61171 | Depths:3 | Learned a level 6 spell: Dispersal
 61213 | Hell     | Entered the Vestibule of Hell
 61213 | Hell     | Noticed Geryon
 61347 | Hell     | Killed Geryon
 61496 | Hell     | Found a gateway to the Iron City of Dis.
 61527 | Dis:1    | Entered Level 1 of the Iron City of Dis
 62711 | Dis:3    | Gained mutation: You are frail. (-10% HP) [mutagenic glow]
 62965 | Dis:7    | Entered Level 7 of the Iron City of Dis
 63239 | Dis:7    | HP: 3/113 [iron dragon/spray of metal splinters (23)]
 63240 | Dis:7    | Killed from afar by a war gargoyle

Illustrated notes

Levels and vault maps discovered:
D:1:      dpeg_arrival_water_fire, layout_loops_ring,
          hellmonk_ecumenical_altar_pennies_from_heaven,
          chequers_serial_rivers_micro_d
D:2:      layout_loops_ring, basic_altar, serial_glass, glass_columns_c,
          glass_columns_b, minmay_pentomino_w2
D:3:      layout_rooms, portal_sewer_entry_f
D:4:      layout_loops_ring, uniq_crazy_yiuf_cottage
D:5:      layout_layer_cave, chequers_temple_overflow_statue_of_worship,
          serial_shops, nicolae_inconvenience_store, nicolae_shop_clearance,
          uniq_grinder
D:6:      layout_gridville, minmay_temple_entry_proselytizer,
          minmay_shop_enchanted_jewellery, nicolae_shop_sticking_my_neck_out
D:7:      layout_loops_ring, uniq_pikel
D:8:      minmay_the_grid_octo_tiled_squarecenter [minmay_the_grid_octo_focus,
          minmay_the_grid_octo_odd_swirl, minmay_the_grid_octo_clover,
          minmay_the_grid_octo_77,
          minmay_the_grid_square_5x5_megaprize_checkered,
          minmay_the_grid_square_5x5_two_walls_b, minmay_the_grid_square_5x5_c,
          minmay_the_grid_square_5x5_bridge,
          minmay_the_grid_square_5x5_minibox], layout_loops_cross, serial_ice,
          serial_ice_c, serial_ice_a, serial_ice_n, serial_ice_j
D:9:      layout_irregular_city, david_orc_3
D:10:     layout_cave_pools
D:11:     gammafunk_mikee_crab_dinner, layout_cave_pods, lair_entry_dummy,
          ebering_ghost_funeral_grove, gauntlet_entry_generic, st_stairs_2,
          uniq_sonja
D:12:     layout_basic
D:13:     layout_rooms, serial_bayou_ford_a, nicolae_qazlal_eye_of_the_storm
D:14:     layout_small_grid, skrybe_vaults_entry_preservation, xom_teletrap_fun,
          enter_bailey_7, uniq_louise, uniq_jorgrun
D:15:     grunt_enter_depths_giant_problem, layout_long_grid, serial_shops,
          shop_fountains, nicolae_shop_statue_plus, shop,
          nzn_hepliaklqana_mist_gate, portal_ice_cave_entry_pillars_1,
          minivault_1
Temple:   regret_index_temple_chain_breaker
Lair:1:   gammafunk_boulding_lane, layout_loops_ring, grunt_megastairs_4
Lair:2:   layout_cave_pods, minmay_shoals_entry_hut, basic_altar
Lair:3:   layout_roguey, spider_nest_entry_rubble, st_stairs_4
Lair:4:   wander_river, layout_big_grid, patterned_corridor, lemuel_fruit_tree
Lair:5:   regret_index_tunnel_blossom, layout_misc_corridors
Lair:6:   evilmike_catoblepas_cave, layout_loops_ring, slime_altar_1,
          grunt_megastairs_1
Shoals:1: layout_shoals, nicolae_shoals_lost_giant_hut
Shoals:2: layout_shoals, serial_shops, shop, nicolae_shop_gadgets
Shoals:3: layout_shoals, nicolae_shoals_hidden_pirate_stash, uniq_ilsuiw,
          uniq_polyphemus
Shoals:4: shoals_end_hangedman, layout_shoals, serial_shops,
          nicolae_diamond_shop, shop, nicolae_lakefront_shop, shop
Spider:1: cheibrodos_spider_silkery, uniq_rupert
Spider:2: layout_spider_delve, uniq_kirke
Spider:3: layout_chambers, hangedman_spider_tarantella_strand, uniq_aizul,
          uniq_bai_suzhen
Spider:4: spider_rune_water, nicolae_spider_stair_cavern
Slime:1:  layout_caves
Slime:2:  layout_caves, basic_altar
Slime:3:  cheibrodos_slime_lost_civilization_1, layout_caves,
          cheibrodos_slime_lost_civilization_5
Slime:4:  layout_caves
Slime:5
Orc:1:    lemuel_ogre_cave, layout_diamond_mine, serial_shops,
          nicolae_shop_behind_doors
Orc:2:    st_orc_town, layout_caves
Elf:1:    layout_gridlike, special_room [special_room_orc], serial_shops,
          nicolae_shop_statue_plus, minivault_28, lemuel_upstairs_altar,
          uniq_roxanne
Elf:2:    layout_loops_corners, serial_shops, shop, nicolae_shop_stone,
          minmay_shop_grove
Elf:3:    minmay_elf_hall_hex, layout_geoelf_diagonals, serial_shops, shop
Vaults:1: vaults_room_glass_cross, vaults_room_door_hall,
          vaults_room_ringed_pool, v_rooms_3, v_misc_23,
          nicolae_vaults_network_star, hangedman_vaults_hat,
          nicolae_vaults_little_squares_5, vaults_standard_mumra_x,
          hangedman_vaults_cutoff, nicolae_vaults_little_squares_5,
          layout_vaults_omnibox
Vaults:2: biasface_vaults_ghost_orc_armoury, hangedman_vaults_snaps,
          vaults_room_door_hall, vaults_room_semicircle, v_misc_14,
          vaults_dpeg_encased_lava, minmay_crypt_entry_simple_walls, v_misc_25,
          grunt_vaults_hallway_short, nicolae_vaults_little_squares_4,
          layout_vaults_quadrants, uniq_margery, uniq_sojobo, uniq_asterion
Vaults:3: nicolae_vaults_specimen_jars, hangedman_vaults_stream, v_misc_29,
          v_rooms_5, hangedman_vaults_trim, nicolae_vaults_network_periphery,
          ontoclasm_vaults_misaligned, vaults_mumra_minichess_inversion,
          ontoclasm_vaults_bender, ontoclasm_vaults_ligature, vaults_dpeg_hooks,
          nicolae_vaults_murderbox, layout_vaults_omnicross, serial_shops, shop,
          uniq_mara
Vaults:4: grunt_vaults_twisty, hangedman_vaults_maws,
          nicolae_vaults_circle_grid_b, vaults_room_grid,
          hangedman_vaults_river_flow, nicolae_vaults_rhombus_7, v_rooms_5,
          vaults_mumra_hex, ontoclasm_vaults_decontamination,
          nicolae_vaults_yaktaur_gun_rack, ontoclasm_vaults_twist,
          ontoclasm_vaults_fault, layout_vaults_maze_snakey
Vaults:5: serial_shops
Depths:1: layout_honeycomb, hell_entry,
          nicolae_uskayaw_murder_on_the_dancefloor, grunt_megastairs_5,
          minmay_shop_star, serial_bayou_shore_b
Depths:2: hangedman_pleasuredromes, hell_entry, abyss_entry
Depths:3: minmay_three_patterns, layout_honeycomb, grunt_mini_vestibule,
          kennysheep_doodads, grunt_pan_entry_in_and_out
Depths:4: gammafunk_jiyva_shrine, layout_gridlike, roderic_nine_men_s_morris,
          nicolae_abyss_entry_one_way_or_another, hell_entry, st_stairs_14,
          kennysheep_generic_room_10, infiniplex_staircase_diamond,
          serial_bayou_shore_b, grunt_megastairs_2
Depths:5: grunt_zot_entry_bicorn, layout_twisted_cross, enter_ziggurat_c,
          hellmouth_1, abyss_entry_crystal, grunt_pan_entry_zigzag,
          chequers_serial_rivers_room_b, serial_bayou_shore_a
Hell
Dis:1:    layout_gridville
Dis:2:    grunt_deathspiral_small, layout_jigsaw
Dis:3:    layout_jigsaw, hangedman_dis_decor_blocks_mantle
Dis:4:    layout_jigsaw
Dis:5:    layout_jigsaw
Dis:6:    layout_subdivisions
Dis:7:    iron_city_of_dis [dis_old, dis_wall_7], layout_chaotic_city

Skill      XL: |  1  2  3  4  5  6  7  8  9 10 11 12 13 14 15 16 17 18 19 20 21 22 23 24 25 |
---------------+----------------------------------------------------------------------------+-----
Stealth        | 5 6 9 10 11 12 14 15 16 17 18 19 20 21 23 24 25 27 | 27.0
Short Blades   | 2 3 5 6 7 8 10 | 10.6
Spellcasting   | 4 6 7 9 10 | 10.0
Hexes          | 4 5 6 7 8 12 14 15 16 17 | 17.0
Dodging        | 3 6 8 9 11 12 14 15 16 17 18 20 22 23 25 | 25.3
Fighting       | 1 3 4 5 7 8 9 10 11 | 11.0
Long Blades    | 2 4 6 7 |  7.1
Shields        | 3 6 7 |  7.2
Translocations | 4 5 7 11 14 16 18 22 | 22.0
Invocations    | 2 4 6 9 10 11 12 14 | 14.0
Transmutations | 1 6 7 8 |  8.0
Evocations     | 3 5 |  5.0
Earth Magic    | 3 4 |  4.0
Throwing       | 4 |  4.0
Ice Magic      | 3 4 |  4.0
Armour         | 2 |  2.0

Action                   |  1- 3 |  4- 6 |  7- 9 | 10-12 | 13-15 | 16-18 | 19-21 | 22-24 | 25-27 || total
-------------------------+-------+-------+-------+-------+-------+-------+-------+-------+-------++-------
Melee: Dagger            |   100 |   162 |   181 |   264 |   708 |  1004 |   893 |  1512 |   172 ||  4996
       Short sword       |       |       |       |       |       |       |       |    12 |   417 ||   429
       Headbutt          |       |       |       |       |       |       |       |       |    68 ||    68
Throw: Throwing net      |       |       |       |     1 |       |       |       |     2 |     2 ||     5
       Dart              |       |       |       |       |    10 |     2 |       |    14 |       ||    26
 Cast: Corona            |    14 |     1 |       |       |       |       |       |       |       ||    15
       Ensorcelled Hiber |    27 |    19 |    25 |    66 |    70 |    54 |    65 |   133 |    13 ||   472
       Tukima's Dance    |       |     5 |     8 |     2 |    26 |     4 |    20 |       |       ||    65
       Confusing Touch   |       |       |    16 |    16 |    25 |     4 |     5 |    64 |    13 ||   143
       Blink             |       |       |     1 |     1 |     8 |       |     1 |    16 |    11 ||    38
       Dazzling Flash    |       |       |       |     4 |    11 |    22 |    48 |    28 |       ||   113
       Invisibility      |       |       |       |     8 |    22 |    23 |    19 |    44 |    13 ||   129
       Passage of Golubr |       |       |       |       |       |       |     1 |     9 |    32 ||    42
       Passwall          |       |       |       |       |       |       |     1 |    46 |    48 ||    95
       Silence           |       |       |       |       |       |       |     6 |     2 |       ||     8
       Yara's Violent Un |       |       |       |       |       |       |     4 |     4 |       ||     8
       Apportation       |       |       |       |       |       |       |     2 |    32 |    12 ||    46
       Disjunction       |       |       |       |       |       |       |       |     5 |     4 ||     9
       Dispersal         |       |       |       |       |       |       |       |       |     3 ||     3
Invok: Shadow Form       |       |       |       |       |       |       |     1 |     1 |     5 ||     7
       Shadow Step       |       |       |       |       |       |       |       |     2 |     2 ||     4
Evoke: Wand              |       |       |     9 |     8 |     2 |    10 |    26 |    10 |     8 ||    73
       Condenser vane    |       |       |       |     1 |     1 |     2 |     2 |     2 |       ||     8
       Lightning rod     |       |       |       |       |     2 |       |     4 |     2 |       ||     8
       Phial of floods   |       |       |       |       |     1 |     1 |     2 |     4 |     1 ||     9
  Use: Scroll            |       |     3 |       |     8 |     9 |    15 |     6 |    20 |    20 ||    81
       Potion            |       |       |       |     1 |     1 |     1 |     1 |     2 |    24 ||    30
 Stab: Sleeping          |    28 |    24 |    14 |    42 |    82 |   174 |   101 |   253 |    68 ||   786
       Confused          |       |       |    11 |    17 |    23 |     3 |     1 |    60 |    12 ||   127
       Invisible         |       |       |       |    16 |    91 |   148 |   139 |   171 |    37 ||   602
       Held in net/web   |       |       |       |     1 |       |       |     1 |     2 |       ||     4
       Distracted        |       |       |       |     1 |     7 |     5 |     5 |     6 |     2 ||    26
       Petrifying        |       |       |       |       |       |     2 |       |       |       ||     2
       Petrified         |       |       |       |       |       |     1 |       |       |       ||     1
Armor: Robe              |    12 |     1 |       |       |       |       |       |       |       ||    13
       Troll leather arm |       |    26 |     8 |    28 |    43 |    52 |    40 |    79 |    70 ||   346
Dodge: Dodged            |    84 |    99 |   116 |   209 |   530 |   693 |   579 |  1199 |   650 ||  4159
Block: Buckler           |       |       |       |       |       |   324 |   299 |   628 |   306 ||  1557

Table legend: (Time is in decaauts)
 A = Elapsed time spent in this place.
 B = Non-inter-level travel time spent in this place.
 C = Inter-level travel time spent in this place.
 D = Time resting spent in this place.
 E = Time spent auto-exploring this place.
 F = Levels seen in this place.
 G = Mean time per level.
                   A        B        C        D        E       F      G
               +--------+--------+--------+--------+--------+-----+--------+
         Total |  43641 |  38822 |   4819 |   3979 |  19089 |  87 |  501.6 |
       Dungeon |  13535 |  11549 |   1986 |    987 |   7790 |  15 |  902.3 |
        Temple |     54 |     50 |      4 |      0 |     44 |   1 |   54.0 |
          Lair |   3963 |   3389 |    574 |     84 |   2439 |   6 |  660.5 |
        Shoals |   3261 |   3030 |    231 |    110 |   1852 |   4 |  815.2 |
   Spider Nest |   2516 |   2438 |     78 |    257 |   1356 |   4 |  629.0 |
    Slime Pits |    391 |    391 |      0 |    161 |      0 |   5 |   78.2 |
  Orcish Mines |   2016 |   1524 |    492 |    243 |    823 |   2 | 1008.0 |
   Elven Halls |   3108 |   2484 |    624 |    467 |    980 |   3 | 1036.0 |
        Vaults |   5095 |   4799 |    296 |    230 |   2403 |   5 | 1019.0 |
        Depths |   4156 |   3627 |    529 |    275 |   1236 |   5 |  831.2 |
          Hell |    205 |    205 |      0 |     55 |      0 |   1 |  205.0 |
           Dis |   1153 |   1153 |      0 |    238 |      0 |   7 |  164.7 |
         Abyss |   1057 |   1057 |      0 |     13 |      0 |   5 |  211.4 |
   Pandemonium |   1985 |   1985 |      0 |    360 |      0 |  20 |   99.2 |
         Sewer |    164 |    164 |      0 |     59 |     36 |   1 |  164.0 |
        Bailey |    232 |    232 |      0 |     66 |      0 |   1 |  232.0 |
      Ice Cave |    242 |    242 |      0 |     79 |     45 |   1 |  242.0 |
      Gauntlet |    501 |    501 |      0 |    290 |     82 |   1 |  501.0 |
               +--------+--------+--------+--------+--------+-----+--------+

Top non-repeatable levels by time:
    D:11: 1662 daAuts
Vaults:3: 1551 daAuts
Shoals:4: 1499 daAuts
Vaults:2: 1347 daAuts
Depths:3: 1308 daAuts
   Elf:3: 1251 daAuts
Vaults:1: 1243 daAuts
   Orc:2: 1225 daAuts
     D:1: 1216 daAuts
Depths:1: 1091 daAuts
     D:8: 1072 daAuts
   Elf:1: 1019 daAuts
    D:12: 1009 daAuts
     D:9: 942 daAuts
Spider:4: 941 daAuts
